 Dungeon Crawl Stone Soup version 0.30.1 (webtiles) character file.

Game seed: 12009344150092261329

1712 cdecastro the Magician (level 9, -6/67 HPs)
             Began as a Djinni Ice Elementalist on July 7, 2023.
             Mangled by Maggie
             ... wielding a +2 halberd of flaming
              (12 damage)
             ... on level 6 of the Dungeon.
             The game lasted 00:12:24 (6439 turns).

cdecastro the Magician (Djinni Ice Elementalist)    Turns: 6439, Time: 00:12:25

Health: -6/67      AC:  6    Str:  7    XL:     9   Next: 24%
Gold:   90         EV: 12    Int: 22    God:
                   SH:  0    Dex: 13

rFire   + + +        l - +8 dagger "Kega" {venom, rPois rF++ SInv Stlth+}
rCold   x . .        (no shield)
rNeg    . . .        c - +0 robe
rPois   ∞            E - +0 helmet
rElec   .            (no cloak)
rCorr   .            F - +2 pair of gloves
SInv    +            (boots unavailable)
Will    .....        (no amulet)
Stlth   +++          (no ring)
HPRegen 0.31/turn    (no ring)
MPRegen 0.00/turn

%: infuse magic (-7 HP)
@: flying, mesmerised, invisible
A: sickness immunity, fire resistance 2, cold vulnerability 1, float, innate
caster, HP casting, extra vitality 1
a: no special abilities


You were on level 6 of the Dungeon.
You visited 1 branch of the dungeon, and saw 6 of its levels.
You also visited: Ossuary.

You collected 494 gold pieces.
You spent 404 gold pieces at shops.

Inventory:

Hand Weapons
 a - a +2 dagger of pain
 b - a +1 sling of flaming
 l - the +8 dagger "Kega" (weapon) {venom, rPois rF++ SInv Stlth+}
   (You found it on level 2 of the Dungeon)

   rF:        It greatly protects you from fire.
   rPois:     It protects you from poison.
   SInv:      It lets you see invisible.
   Stlth:     It makes you more stealthy.
Armour
 c - a +0 robe (worn)
 E - a +0 helmet (worn)
 F - a +2 pair of gloves (worn)
Magical Staves
 g - a staff of cold
Wands
 m - a wand of flame (12)
 D - a wand of digging (7)
Scrolls
 d - 2 scrolls of fear {unknown}
 e - 11 scrolls of identify {unknown}
 f - 2 scrolls of amnesia {unknown}
 h - 2 scrolls of enchant weapon {unknown}
 i - a scroll of enchant armour {unknown}
 j - 3 scrolls of immolation
 k - a scroll of magic mapping {unknown}
 r - 4 scrolls of teleportation {unknown}
 s - a scroll of fog {unknown}
 y - a scroll of brand weapon {unknown}
 A - a scroll of torment {unknown}
Potions
 n - 5 potions of lignification {unknown}
 o - a potion of brilliance {unknown}
 p - a potion of invisibility
 q - a potion of heal wounds {unknown}
 t - a potion of magic {unknown}
 u - 2 potions of curing {unknown}
 v - a potion of experience {unknown}
 w - a potion of cancellation {unknown}
 x - 2 potions of berserk rage {unknown}
 z - 2 potions of attraction {unknown}


   Skills:
 + Level 6.3 Fighting
 - Level 2.1 Dodging
 - Level 1.5 Stealth
 * Level 7.8 Spellcasting


You knew the following spells:

 Your Spells              Type           Power      Damage    Failure   Level
a - Freeze                Ice            100%       1d10      1%          1
b - Frozen Ramparts       Ice            86%        1d13      1%          3
c - Ozocubu's Armour      Ice            43%        N/A       1%          3
d - Summon Ice Beast      Ice/Summ       43%        N/A       3%          4
e - Slow                  Hex            100%       N/A       1%          1
f - Call Imp              Summ           86%        N/A       1%          2
g - Mephitic Cloud        Conj/Pois/Air  43%        N/A       1%          3
h - Call Canine Familiar  Summ           43%        N/A       1%          3
Your spell library was empty.

Dungeon Overview and Level Annotations

Branches:
Dungeon (6/15)             Temple (0/1) D:6         Ossuary (visited)

Altars:
Makhleb
Qazlal
Trog
Wu Jian

Shops:
D:4 [   D:5 *=:

Annotations:
D:3 Sigmund
D:6 Maggie


Innate Abilities, Weirdness & Mutations

You are immune to sickness and miasma.
You are immune to poison.
Your flesh is very heat resistant. (rF++)
You are vulnerable to cold. (rC-)
You float through the air rather than walking.
You learn spells naturally, not from books.
Your magical power is your life essence.
You have superior vitality. (+4 MHP)


Message History

* * * LOW HITPOINT WARNING * * *
Your hound misses the water moccasin.
Your cerulean imp hits the water moccasin from afar with a +0 spear.
The water moccasin dies!
Unknown command.
Okay, then.
Unknown command.
You cannot move away from Maggie!
Maggie barely misses you.
You see here a water moccasin corpse.
You barely miss Maggie.
Your hound bites Maggie.
Maggie barely misses your hound.
Your cerulean imp hits Maggie from afar with a +0 spear.
You hit Maggie.
Maggie is poisoned.
Maggie is lightly wounded.
Your hound bites Maggie but does no damage.
Maggie closely misses you.
Your cerulean imp hits Maggie from afar with a +0 spear.
Your hound misses Maggie. You barely miss Maggie.
Maggie is lightly wounded.
Maggie hits your hound with a +2 halberd of flaming!
Maggie burns your hound.
Your hound bites Maggie but does no damage.
Your cerulean imp closely misses Maggie.
You strike the helpless Maggie from behind!
You hit Maggie.
Maggie looks as sick as possible!
Maggie is moderately wounded.
Your hound closely misses Maggie.
Maggie closely misses you.
Your cerulean imp hits Maggie but does no damage.
Your hound bites Maggie but does no damage.
You barely miss Maggie.
Maggie is moderately wounded.
Your hound closely misses Maggie.
Maggie closely misses you.
Your cerulean imp hits Maggie from afar with a +0 spear.
You hit Maggie but do no damage.
Maggie is heavily wounded.
Your hound closely misses Maggie.
Maggie hits you with a +2 halberd of flaming!
You die...

...#.......#............
...#.....#..........##.....
...#.....##..####...........
####.....##.................
..##....!##................ .#
.....#...##.##...........###..
.....######.##)...............
.....######......5............
........<.+.....@h............
..........#...###@...........
.#........#...###........### f
.#..............#........# ..
.#..............###+##...###
..# †.......)....... #.....#
.... ................
#.....#..... ................
#(.......... .....###........
#.........##..


You could see Maggie (mesmerising, unable to see you, extremely poisoned, ally
target), a friendly hound (summoned) and a friendly cerulean imp (summoned).

Vanquished Creatures
  A wyvern (D:5)
  Menkaure (D:5)
  Edmund (D:6)
  A water moccasin (D:6)
  2 ogres
  Blork the orc (D:6)
  A kobold brigand (D:6)
  A bullfrog (D:5)
  A scorpion (D:5)
  3 hounds
  A human zombie (Ossuary)
  2 orc priests (D:5)
  2 sleepcaps
  Jessica (D:2)
  3 iguanas (D:5)
  4 orc wizards
  3 mummies (Ossuary)
  9 adders
  A shadow imp (D:5)
  An ufetubus (D:6)
  A worm (D:4)
  4 dart slugs
  13 orcs
  4 endoplasms
  2 giant cockroaches
  8 goblins
  9 hobgoblins
  2 jackals (D:2)
  4 quokkas (D:1)
  3 ball pythons
  5 bats
  A frilled lizard (D:3)
  3 gnoll zombies (Ossuary)
  A goblin zombie (Ossuary)
  2 hobgoblin zombies (Ossuary)
  9 kobolds
  A kobold zombie (Ossuary)
  5 rats
117 creatures vanquished.

Vanquished Creatures (collateral kills)
  A water moccasin (D:6)
  2 orcs (D:6)
3 creatures vanquished.

Grand Total: 120 creatures vanquished

Notes
Turn   | Place    | Note
-------+----------+-------------------------------------------
     0 | D:1      | cdecastro the Djinni Ice Elementalist began the quest for
                  | the Orb.
     0 | D:1      | cdecastro set off with the following spells memorised:
                  | Freeze, Frozen Ramparts, Ozocubu's Armour, Summon Ice
                  | Beast.
     0 | D:1      | Reached XP level 1. HP: 15/15 MP: 0/0
   145 | D:1      | Reached XP level 2. HP: 21/22 MP: 0/0
   393 | D:1      | Reached skill level 1 in Fighting
   456 | D:1      | Reached XP level 3. HP: 26/27 MP: 0/0
   456 | D:1      | Learned a level 1 spell: Slow
   706 | D:2      | Identified the +8 dagger "Kega" {venom, rPois rF++ SInv
                  | Stlth+}
   848 | D:2      | Reached XP level 4. HP: 32/32 MP: 0/0
   894 | D:2      | Noticed Jessica
   897 | D:2      | Killed Jessica
   898 | D:2      | Reached skill level 4 in Spellcasting
  1094 | D:2      | Reached XP level 5. HP: 36/38 MP: 0/0
  1094 | D:2      | Learned a level 2 spell: Call Imp
  1783 | D:3      | Noticed Sigmund
  1807 | D:3      | Found a faded altar of an unknown god.
  2494 | D:4      | Found a sand-covered staircase.
  2499 | Ossuary  | Entered an ossuary
  2683 | Ossuary  | Reached XP level 6. HP: 38/45 MP: 0/0
  3048 | D:4      | Found a bloodstained altar of Trog.
  3210 | D:4      | Found a burning altar of Makhleb.
  3215 | D:4      | Reached skill level 5 in Spellcasting
  3373 | D:4      | Found Gukiyps's Antique Armour Emporium.
  3475 | D:4      | Noticed an ogre
  3482 | D:4      | Killed an ogre
  3483 | D:4      | Reached XP level 7. HP: 47/50 MP: 0/0
  3483 | D:4      | Learned a level 3 spell: Mephitic Cloud
  3870 | D:4      | Bought a pitted ring mail for 234 gold pieces
  3870 | D:4      | Identified the +0 ring mail of the Shore {SInv} (You bought
                  | it in a shop on level 4 of the Dungeon)
  3905 | D:5      | Entered Level 5 of the Dungeon
  4298 | D:5      | Noticed a wyvern
  4375 | D:5      | Killed a wyvern
  4376 | D:5      | Reached skill level 6 in Spellcasting
  4376 | D:5      | Reached XP level 8. HP: 19/58 MP: 0/0
  4553 | D:5      | Found Yfrez's Book Emporium.
  4554 | D:5      | Found Netoikhli's Jewellery Emporium.
  4556 | D:5      | Found Jotisuc's Assorted Antiques.
  4660 | D:5      | Bought 2 inky potions for 45 gold pieces
  4660 | D:5      | Bought a scroll labelled GOMEHE XOESS for 25 gold pieces
  4660 | D:5      | Bought a tapered bone wand for 100 gold pieces
  5219 | D:5      | Found an ornate altar of the Wu Jian Council.
  5351 | D:5      | Noticed Menkaure
  5367 | D:5      | Killed Menkaure
  5368 | D:5      | Reached skill level 5 in Fighting
  6021 | D:6      | Found a stormy altar of Qazlal.
  6032 | D:6      | Reached skill level 7 in Spellcasting
  6091 | D:6      | Found a staircase to the Ecumenical Temple.
  6126 | D:6      | Noticed Edmund
  6146 | D:6      | Killed Edmund
  6147 | D:6      | Reached XP level 9. HP: 51/66 MP: 0/0
  6147 | D:6      | Learned a level 3 spell: Call Canine Familiar
  6225 | D:6      | Noticed Blork the orc
  6236 | D:6      | Killed Blork the orc
  6411 | D:6      | Noticed Maggie
  6439 | D:6      | Mangled by Maggie

Illustrated notes

Levels and vault maps discovered:
D:1:      minmay_arrival_checkered_box, layout_basic
D:2:      cheibrodos_greedy_goblins, layout_loops_ring,
          minmay_misc_feat_ornament, uniq_jessica
D:3:      layout_basic, basic_ecumenical_altar, hangedman_decor_push,
          kennysheep_boxes, uniq_sigmund
D:4:      layout_loops_corners, trog_book, makhleb_blood_cavern_becter,
          enter_ossuary_5, serial_shops, nicolae_shop_pleasant_corner_grove
D:5:      wad_crossroads, layout_loops_corners, nzn_wu_jian_council_hall,
          nicolae_shop_distant_corner_stores, minmay_gold_behind_fungi,
          uniq_menkaure
D:6:      layout_basic, mainiacjoe_overflow_concentric_impassable,
          minmay_temple_entry_offerings, uniq_blork_the_orc, uniq_edmund,
          uniq_maggie, uniq_crazy_yiuf_cottage

Skill      XL: |  1  2  3  4  5  6  7  8  9 |
---------------+----------------------------+-----
Fighting       | 1 2 3 4 5 6 |  6.3
Spellcasting   | 4 5 6 7 |  7.8
Dodging        | |  2.1
Stealth        | |  1.5

Action                     |  1- 3 |  4- 6 |  7- 9 || total
---------------------------+-------+-------+-------++-------
  Melee: Dagger            |     2 |    82 |   122 ||   206
         Punch             |       |       |     1 ||     1
   Fire: Sling             |    39 |    27 |       ||    66
   Cast: Freeze            |    16 |     6 |       ||    22
         Frozen Ramparts   |       |     6 |    16 ||    22
         Ozocubu's Armour  |       |     1 |     6 ||     7
         Call Imp          |       |     1 |     3 ||     4
         Call Canine Famil |       |       |     1 ||     1
    Use: Potion            |       |       |     1 ||     1
   Stab: Sleeping          |       |     7 |     3 ||    10
         Distracted        |       |       |     1 ||     1
         Invisible         |       |       |     1 ||     1
 Armour: Robe              |     4 |     3 |    22 ||    29
  Dodge: Dodged            |    10 |    41 |    73 ||   124
